 Dungeon Crawl Stone Soup version 0.14-a0-1169-g4815781 (webtiles) character file.

3355 PolkaDot the Grappler (level 9, -1/84 HPs)
             Began as a Troll Death Knight on Nov 29, 2013.
             Was an Elder of Yredelemnul.
             Slain by Erolcha
             ... wielding a +0,+0 giant club
              (22 damage)
             ... on Level 8 of the Dungeon.
             The game lasted 00:21:37 (4534 turns).

PolkaDot the Grappler (Troll Death Knight)          Turns: 4534, Time: 00:21:38

HP  -1/84        AC  6     Str 28      XL: 9   Next: 57%
MP  12/12        EV  9     Int 11      God: Yredelemnul [****..]
Gold 303         SH  0     Dex 12      Spells:  0 memorised,  8 levels left

rFire  . . .     SeeInvis .       - Unarmed
rCold  + . .     Clarity  .     b - +0 robe
rNeg   . . .     Conserve .     (shield restricted)
rPois  .         rCorr    .     (helmet restricted)
rElec  .         rRot     .     y - +0 cloak
SustAb . .       Spirit   .     (gloves unavailable)
rMut   .         Warding  .     (boots unavailable)
Gourm  +         Stasis   .     (no amulet)
                                w - ring of protection from cold
                                v - +4 ring of intelligence

@: mighty, very slightly contaminated, hasted and slowed, slightly resistant to
hostile enchantments, unstealthy
A: unfitting armour, claws 3, talons 1, fast metabolism 3, gourmand,
regeneration 2, saprovore 2, shaggy fur 1, tough skin 2
a: Animate Dead, Recall Undead Slaves, Injury Mirror, Drain Life, Renounce
Religion


You were on level 8 of the Dungeon.
You worshipped Yredelemnul.
Yredelemnul was greatly pleased with you.
You were completely stuffed.

You visited 1 branch of the dungeon, and saw 8 of its levels.

You collected 303 gold pieces.

Inventory:

Armour
 b - a +0 robe (worn)
 y - a +0 cloak (worn)
Magical devices
 c - a wand of flame (4)
 k - a wand of magic darts (6)
 r - a wand of flame (8)
 t - a wand of paralysis (0)
 z - a wand of confusion (4)
Comestibles
 a - 3 meat rations
 m - 2 bread rations
 o - an apple
 q - a pear
 D - 2 chunks of worker ant flesh
 E - a honeycomb
 G - a chunk of iguana flesh
Scrolls
 e - 2 scrolls of random uselessness {unknown}
 f - 8 scrolls of identify
 h - 3 scrolls of curse armour {unknown}
 i - 2 scrolls of remove curse
 j - a scroll of immolation {unknown}
 l - 5 scrolls of fear {unknown}
 n - 2 scrolls of magic mapping {unknown}
 p - 2 scrolls of enchant armour
 x - 2 scrolls of blinking
 B - 2 scrolls of teleportation {unknown}
 C - a scroll of enchant weapon II {unknown}
Jewellery
 v - a +4 ring of intelligence (left claw)
 w - a ring of protection from cold (right claw)
Potions
 d - 3 potions of curing
 s - a potion of brilliance
 u - 3 potions of flight
 F - a potion of invisibility
Miscellaneous
 g - a fan of gales


   Skills:
 - Level 5.2 Fighting
 - Level 1.2 Dodging
 * Level 11.1 Unarmed Combat
 + Level 4.8 Invocations


You had 8 spell levels left.
You didn't know any spells.

Dungeon Overview and Level Annotations

Branches:
Dungeon (8/16)             Temple (0/1) D:7
   Lair: D:8-11

Altars:
Cheibriados
Xom
the Shining One

Portals:
Ziggurat: D:5 (3750 gp)

Annotations:
D:8 exclusion: ice statue, Erolcha


Innate Abilities, Weirdness & Mutations

You are too large for most types of armour.
You have claws for hands.
Your metabolism is lightning-fast.
You like to eat raw meat.
You heal very quickly.
You can eat rotten meat.
You are covered in fur (AC +1).
You have very tough skin (AC +2).
You have sharp toenails.


Message History

Erolcha begins to bleed from her wounds!
Erolcha is lightly wounded.
Erolcha misses you.
You hit Erolcha. You claw Erolcha.
Erolcha is lightly wounded.
You claw Erolcha!
Erolcha is moderately wounded.
Erolcha gestures wildly while chanting.
Erolcha flickers and vanishes!
Deactivating autopickup; reactivate with Ctrl-A.
You miss it. You claw it. It hits you!
You barely miss it. You claw it. You hit it. You claw it. It hits you!
* * * LOW HITPOINT WARNING * * *
You barely miss it. You claw it. You claw it!
Drink which item? (? for menu, Esc to quit)
You feel very mighty all of a sudden.
It was a potion of might.
It hits you!
You die...
Your body rises from the dead as a mindless zombie.

...#.###########O#
................#.#######
#...............#.⌠.....≈≈
##........#.....#.......≈≈ #
.....####.#......)......≈8
.##...####.#..##......)..≈≈≈
.............##...⌠.....≈≈≈
##...........##...#########
#.[..)........@...########
#...........##..#.........
#..(#.......##..#.########
#...#.......#...#.#######
.........#.#.#..##.......#
#####.......#........###...#
#.###.###.#....#.# #.
#.###.#........ #.
#................


There were no monsters in sight!

Vanquished Creatures
  A komodo dragon (D:6)
  A hippogriff (D:8)
  Edmund (D:4)
  Menkaure (D:4)
  A manticore (D:7)
  2 ice beasts (D:8)
  An orc warrior (D:7)
  2 sky beasts
  The ghost of wojtek the Chopper, an average MiFi (D:3)
  A mottled dragon (D:6)
  An ogre (D:7)
  3 centaurs (D:6)
  Blork the orc (D:7)
  2 giant frogs
  2 crimson imps
  A goliath beetle (D:7)
  5 hounds
  Crazy Yiuf (D:3)
  A giant frog zombie (D:7)
  9 orc priests
  7 orc wizards
  2 worker ants
  8 iguanas
  Ijyb (D:2)
  Jessica (D:3)
  8 adders
  3 gnolls (D:5)
  2 giant mites
  2 inept feature mimics
  A worm (D:7)
  An iguana zombie (D:6)
  A scorpion zombie (D:5)
  A giant eyeball (D:5)
  3 giant geckos
  An ooze (D:4)
  24 orcs
  9 bats
  A bat skeleton (D:7)
  6 goblins
  13 hobgoblins
  2 jackals (D:4)
  18 kobolds
  2 ball pythons (D:1)
  4 giant cockroaches
  9 giant newts
  A kobold zombie (D:6)
  2 quokkas
  A quokka zombie (D:5)
  8 rats
180 creatures vanquished.

Vanquished Creatures (collateral kills)
  A centaur (D:7)
  2 crimson imps (D:6)
  2 orc priests
  An orc wizard (D:7)
  10 orcs
  3 goblins
  A kobold (D:6)
  2 rats (D:7)
22 creatures vanquished.

Vanquished Creatures (others)
  A hippogriff zombie (D:8)
  An orc wizard (D:7)
  A hound zombie (D:4)
  An iguana zombie (D:6)
  An orc skeleton (D:3)
  A bat skeleton (D:3)
  A giant newt skeleton (D:3)
  3 kobold zombies
  7 orc zombies
  A quokka skeleton (D:3)
  A rat zombie (D:7)
19 creatures vanquished.

Grand Total: 221 creatures vanquished

Notes
Turn   | Place    | Note
--------------------------------------------------------------
     0 | D:1      | PolkaDot, the Troll Death Knight, began the quest for the Orb.
     0 | D:1      | Reached XP level 1. HP: 20/20 MP: 2/2
   285 | D:1      | Reached XP level 2. HP: 26/28 MP: 2/2
   581 | D:2      | Acquired Yredelemnul's second power
   634 | D:2      | Reached skill level 3 in Unarmed Combat
   634 | D:2      | Reached XP level 3. HP: 30/35 MP: 4/4
   858 | D:2      | Noticed Ijyb
   874 | D:2      | Killed Ijyb
   874 | D:2      | Reached XP level 4. HP: 27/44 MP: 4/4
  1079 | D:2      | Found a shimmering altar of Xom.
  1079 | D:2      | Found a glowing golden altar of the Shining One.
  1192 | D:3      | Reached skill level 4 in Unarmed Combat
  1200 | D:3      | Noticed wojtek's ghost (average MiFi)
  1200 | D:3      | Gained mutation: You have sharp toenails. [potion of beneficial mutation]
  1214 | D:3      | Killed wojtek's ghost
  1214 | D:3      | Reached XP level 5. HP: 34/50 MP: 1/5
  1378 | D:3      | Noticed Jessica
  1385 | D:3      | Killed Jessica
  1385 | D:3      | Reached skill level 5 in Unarmed Combat
  1674 | D:3      | Noticed Crazy Yiuf
  1694 | D:3      | Killed Crazy Yiuf
  1694 | D:3      | Reached XP level 6. HP: 28/59 MP: 4/6
  1809 | D:4      | Noticed Menkaure
  1846 | D:4      | Killed Menkaure
  1846 | D:4      | Reached skill level 6 in Unarmed Combat
  1853 | D:4      | Reached XP level 7. HP: 29/67 MP: 6/6
  1877 | D:4      | Acquired Yredelemnul's third power
  1905 | D:4      | HP: 2/67 [something (3)]
  2081 | D:4      | Noticed Edmund
  2092 | D:4      | Killed Edmund
  2092 | D:4      | Reached skill level 7 in Unarmed Combat
  2433 | D:5      | Entered Level 5 of the Dungeon
  2547 | D:5      | Found a gateway to a ziggurat.
  2793 | D:5      | Reached XP level 8. HP: 72/76 MP: 7/7
  2833 | D:5      | Reached skill level 8 in Unarmed Combat
  2942 | D:6      | HP: 3/76 [iguana (13)]
  2980 | D:6      | Acquired Yredelemnul's fourth power
  3033 | D:6      | Reached skill level 5 in Fighting
  3040 | D:6      | Paralysed by it for 3 turns
  3084 | D:6      | Reached skill level 9 in Unarmed Combat
  3381 | D:6      | Received a gift from Yredelemnul
  3390 | D:6      | Noticed a komodo dragon
  3397 | D:6      | Killed a komodo dragon
  3488 | D:6      | Reached XP level 9. HP: 30/84 MP: 10/10
  3502 | D:6      | Got a slimy quarterstaff
  3503 | D:6      | Identified the +4,+9 quarterstaff "Puyfuk" {vamp, -Cast +Rage rElec} (You found it on level 6 of the Dungeon)
  3503 | D:6      | Identified the +4,+9 quarterstaff "Puyfuk" {vamp, -Cast +Rage rElec} (You found it on level 6 of the Dungeon)
  3579 | D:6      | Found a snail-covered altar of Cheibriados.
  3596 | D:6      | Reached skill level 10 in Unarmed Combat
  3683 | D:7      | Noticed Blork the orc
  3688 | D:7      | Killed Blork the orc
  3758 | D:7      | Your ally Blork died
  3769 | D:7      | Found a staircase to the Ecumenical Temple.
  4094 | D:7      | Received a gift from Yredelemnul
  4459 | D:8      | Reached skill level 11 in Unarmed Combat
  4472 | D:8      | Noticed an ice statue
  4506 | D:8      | Noticed Erolcha
  4534 | D:8      | Slain by Erolcha

Action                   |  1- 3 |  4- 6 |  7- 9 || total
-------------------------+-------+-------+-------++-------
Melee: Unarmed           |    99 |   109 |   309 ||   517
Invok: Animate Remains   |       |     7 |       ||     7
       Recall Undead Sla |       |     1 |       ||     1
       Animate Dead      |       |       |    24 ||    24
Evoke: Wand              |       |     1 |     2 ||     3
  Use: Potion            |     5 |     6 |     4 ||    15
       Scroll            |       |       |     4 ||     4
